 Dungeon Crawl Stone Soup version 0.14.2 (webtiles) character file.

258 Amnesiac the Charlatan (level 5, 0/25 HPs)
             Began as a Spriggan Artificer on Feb 9, 2018.
             Succumbed to poison (a potion of poison)
             ... on Level 5 of the Dungeon.
             The game lasted 00:04:10 (2311 turns).

Amnesiac the Charlatan (Spriggan Artificer)         Turns: 2311, Time: 00:04:10

HP   0/25        AC  3     Str  7      XL: 5   Next: 57%
MP  16/16        EV 27     Int 14      God:
Gold 47          SH  0     Dex 22      Spells:  0 memorised,  4 levels left

rFire  . . .     SeeInvis +     u - +1 hand axe (distort)
rCold  . . .     Clarity  .     e - +0 robe
rNeg   . . .     Conserve .     (shield restricted)
rPois  .         rCorr    .     (helmet restricted)
rElec  .         rRot     .     r - +0 cloak
SustAb . .       Spirit   .     (gloves unavailable)
rMut   .         Warding  .     (boots unavailable)
Saprov . . .     Stasis   .     (no amulet)
MR     .....                    (no ring)
                                (no ring)

@: agile, lethally poisoned, very quick, not resistant to hostile enchantments,
quite stealthy
A: unfitting armour, see invisible, herbivore 3, speed 3, slow metabolism 2
a: no special abilities


You were on level 5 of the Dungeon.
You were not hungry.

You visited 1 branch of the dungeon, and saw 5 of its levels.

You collected 47 gold pieces.

Inventory:

Hand weapons
 a - a +0,+0 short sword
 s - a +0,+0 sling
 u - a +1,+1 hand axe of distortion (weapon)
 w - a +2,+4 flail
Missiles
 m - 13 darts (quivered)
 t - 38 stones
Armour
 e - a +0 robe (worn)
 r - a +0 cloak (worn)
Magical devices
 b - a wand of flame (7)
 c - a wand of enslavement (15)
 d - a wand of random effects (14)
Comestibles
 g - 2 bread rations
Scrolls
 k - 2 scrolls of identify {!r, unknown}
 l - a scroll of immolation {!r, unknown}
 n - 2 scrolls of remove curse {!r, unknown}
 o - a scroll of enchant weapon II {!r, unknown}
 p - 2 scrolls of random uselessness {!r, unknown}
 q - a scroll of recharging {!r, unknown}
 v - a scroll of teleportation {!r, unknown}
 x - a scroll of noise {!r, unknown}
Potions
 f - a potion of porridge {!q}


   Skills:
 - Level 1.1 Fighting
 - Level 1.1 Short Blades
 + Level 5.5 Dodging
 - Level 1.5 Stealth
 * Level 7.4 Evocations


You had 4 spell levels left.
You didn't know any spells.

Dungeon Overview and Level Annotations

Branches:
Dungeon (5/15)
 Temple: D:4-7

Altars:
Cheibriados
Sif Muna

Shops:
D:4 =?


Innate Abilities, Weirdness & Mutations

You are tiny and cannot use many weapons and most armour.
You have supernaturally acute eyesight.
You are a herbivore.
You cover ground extremely quickly.
You need consume almost no food.


Message History

There is an open door here.
h - a gluggy blue potion {!q} A phantom comes into view.
A phantom is nearby!
The phantom blinks!
The phantom blinks!
No target in view!
No target in view!
No target in view!
You barely miss the phantom. The phantom misses you.
You hit the phantom.
Space bends around the phantom.
The phantom is lightly damaged.
The phantom barely misses you.
You closely miss the phantom.
The phantom is lightly damaged.
The phantom completely misses you. The phantom hits you!
The phantom blinks!
You closely miss the phantom.
The phantom is lightly damaged.
The phantom hits you.
You closely miss the phantom.
The phantom is lightly damaged.
The phantom hits you!
* * * LOW HITPOINT WARNING * * *
You are too injured to fight recklessly!
You are too injured to fight recklessly!
You open the door.
A giant newt comes into view.
Found two stone staircases leading down.
A rat and a worker ant come into view.
Found a scroll labeled BRUINLOACH.
There is an open door here.
There is a stone staircase leading down here.
The giant newt bites you.
* * * LOW HITPOINT WARNING * * *
The phantom blinks!
You climb downwards.
A shadow imp comes into view.
The shadow imp shouts!
There is a stone staircase leading up here.
You miss the giant newt. The giant newt misses you.
The shadow imp gestures at you.
You struggle to resist.
An orc skeleton comes into view.
The giant newt closely misses you.
The shadow imp picks up a beetle and eats it.
The giant newt closely misses you.
Found 12 gold pieces.
Drink which item? (? for menu, Esc to quit)
Really quaff
h - a gluggy blue potion {!q}?
That liquid tasted very nasty...
You are lethally poisoned!
It was a potion of poison {!q}.
* * * LOW HITPOINT WARNING * * *
You feel sick.
Drink which item? (? for menu, Esc to quit)
Really quaff
j - a blue potion {!q}?
You feel agile all of a sudden.
It was a potion of agility {!q}.
* * * LOW HITPOINT WARNING * * *
You feel sick. The giant newt closely misses you.
Drink which item? (? for menu, Esc to quit)
Okay, then.
You miss the giant newt.
You die...

## ### #. #.# #. #.#
#. #.# ≈ #. #.# ##≈≈
#.####.####...≈≈
#.@l5.........≈≈≈
.##.####.........≈≈
....####..........#
#..................
...........z......##
.#..#....<..........
#$.#..##..#.......
.... .......... ....
..........


You could see a shadow imp and a giant newt.

Vanquished Creatures
  An ogre (D:4)
  A hound (D:4)
  A worker ant (D:4)
  An adder (D:2)
  A giant mite (D:4)
  3 worms
  5 orcs (D:4)
  5 bats
  2 giant cockroaches
  3 goblins
  A hobgoblin (D:4)
  4 kobolds
  3 giant newts (D:2)
  4 jackals (D:4)
  2 rats
37 creatures vanquished.

Notes
Turn   | Place    | Note
--------------------------------------------------------------
     0 | D:1      | Amnesiac, the Spriggan Artificer, began the quest for the Orb.
     0 | D:1      | Reached XP level 1. HP: 9/9 MP: 2/2
    36 | D:1      | Reached skill level 1 in Fighting
   598 | D:2      | Found a deep blue altar of Sif Muna.
   689 | D:2      | Reached XP level 2. HP: 9/14 MP: 5/5
   950 | D:2      | Found a snail-covered altar of Cheibriados.
  1027 | D:4      | Reached skill level 5 in Evocations
  1027 | D:4      | Reached XP level 3. HP: 10/18 MP: 8/8
  1166 | D:4      | Noticed an ogre
  1174 | D:4      | Killed an ogre
  1174 | D:4      | Reached skill level 6 in Evocations
  1174 | D:4      | Reached XP level 4. HP: 22/22 MP: 10/12
  1190 | D:4      | Reached skill level 5 in Dodging
  1190 | D:4      | Reached XP level 5. HP: 25/25 MP: 13/15
  1218 | D:4      | Found Coshol's Jewellery Emporium.
  1607 | D:4      | Found Shrilyimo's Magic Scroll Boutique.
  1646 | D:4      | Reached skill level 7 in Evocations
  2056 | D:4      | HP: 1/25 [worker ant (7)]
  2267 | D:4      | Noticed a phantom
  2297 | D:5      | Entered Level 5 of the Dungeon
  2311 | D:5      | Succumbed to poison (a potion of poison)

Action                   |  1- 3 |  4- 6 || total
-------------------------+-------+-------++-------
Melee: Short sword       |    64 |     8 ||    72
       Hand axe          |       |    44 ||    44
 Fire: Sling             |       |    69 ||    69
Evoke: Wand              |     6 |     3 ||     9
  Use: Potion            |       |     4 ||     4
 Stab: Sleeping          |     2 |       ||     2
